 Dungeon Crawl Stone Soup version 0.28-a0-691-gad6df49e81 (webtiles) character file.

Game seed: 338617790859423828

0 Irenicus the Digger (level 1, -1/15 HPs)
             Began as a Deep Dwarf Earth Elementalist on Oct 20, 2021.
             Slain by an adder (4 damage)
             ... on level 4 of the Dungeon.
             The game lasted 00:00:57 (111 turns).

Irenicus the Digger (Deep Dwarf Earth Elementalist)  Turns: 111, Time: 00:00:58

Health: -1/15      AC:  2    Str: 11    XL:     1   Next: 8%
Magic:  1/3        EV: 12    Int: 15    God:
Gold:   28         SH:  0    Dex: 13    Spells: 2/3 levels left

rFire   . . .      SeeInvis .   (no weapon)
rCold   . . .      Faith    .   (no shield)
rNeg    . . .      Spirit   .   b - +0 robe
rPois   .          Reflect  .   (no helmet)
rElec   .          Harm     .   (no cloak)
rCorr   .          Rampage  .   (no gloves)
Will    .....                   (no boots)
Stlth   ++........              (no amulet)
HPRegen 0.00/turn               (no ring)
MPRegen 0.08/turn               (no ring)

@: no status effects
A: damage resistance, heal wounds, sense surroundings 1, no regeneration
a: Heal Wounds


You were on level 4 of the Dungeon.
You visited 1 branch of the dungeon, and saw 4 of its levels.

You collected 28 gold pieces.


Innate Abilities, Weirdness & Mutations

You are resistant to damage.
You can heal yourself by infusing magical energy.
You passively map a small area around you.
You do not regenerate.


   Skills:
 - Level 2.1 Dodging
 - Level 2.4 Stealth
 - Level 1.7 Spellcasting
 - Level 0.8 Transmutations
 + Level 4.0 Earth Magic


You had 2 spell levels left.
You knew the following spells:

 Your Spells              Type           Power      Damage    Failure   Level
z - Sandblast             Erth           26%        2d8       4%          1

Your spell library contained the following spells:

 Spells                   Type           Power      Damage    Failure   Level
 Passwall                 Tmut/Erth      6%         N/A       13%         2
 Stone Arrow              Conj/Erth      14%        3d7       30%         3
 Petrify                  Tmut/Erth      8%         N/A       63%         4

Inventory:

Missiles
 c - 32 stones
Armour
 b - a +0 robe (worn)
Jewellery
 C - a ring of ice

Dungeon Overview and Level Annotations

Branches:
Dungeon (4/15)
 Temple: D:4-7

Altars:

..............#
,#...
.........#
.....#........#
, ,,#<.#.>....#
##........# *
#.......# * ,
,....#....## ,
, ., ##....#
..##...S@# ,
........##* ,
....##.### ,
.....o. * , , ,
, , ....... , ,
*,....... , , *
* ,......, , ,,
,.#.. , ,, * *


You could see an adder and an orc.


Message History

Unknown command.
You barely miss the adder.
The adder is severely wounded.
The adder barely misses you.
You are no longer poisoned.
The orc shouts!
You hear a shout!
You hear an angry hiss.
The adder closely misses you.
You closely miss the adder.
The adder is severely wounded.
The adder closely misses you. The adder bites you.
Unknown command.
You hit the adder.
The adder is almost dead.
The adder closely misses you.
Unknown command.
Unknown command.
You closely miss the adder.
The adder is almost dead.
The adder bites you.
* * * LOW HITPOINT WARNING * * *
Casting: Sandblast (safe; 4% risk of failure)
Confirm with . or Enter, or press ? or * to list all spells.
Aiming: Sandblast (safe; 4% risk of failure)
Press: ? - help, Shift-Dir - straight line, f/p - adder
Aim: an adder (almost dead, 66% to hit)
Okay, then.
You closely miss the adder.
The adder is almost dead.
The adder bites you.
You die...

Action                   || total
-------------------------++-------
Melee: Unarmed           ||    13
 Cast: Sandblast         ||     6
  Use: Scroll            ||     1
Armor: Robe              ||     3
Dodge: Dodged            ||    14

Levels and vault maps discovered:
D:1:      mrwooster_arrival_statue_2, layout_basic, serial_shops,
          nicolae_shop_temple_entry_statues_fountains,
          hellmonk_ecumenical_altar_blasted
D:2:      layout_loops_ring, uniq_jessica
D:3:      layout_basic
D:4:      layout_cave_pools

Notes
Turn   | Place    | Note
-------+----------+-------------------------------------------
     0 | D:1      | Irenicus the Deep Dwarf Earth Elementalist began the quest
                  | for the Orb.
     0 | D:1      | Reached XP level 1. HP: 15/15 MP: 3/3
    39 | D:2      | You fall into a shaft and drop 1 floor!
    70 | D:4      | Noticed a phantom
   111 | D:4      | Slain by an adder

Vanquished Creatures
  A rat (D:3)
1 creature vanquished.

Table legend: (Time is in decaauts)
 A = Elapsed time spent in this place.
 B = Non-inter-level travel time spent in this place.
 C = Inter-level travel time spent in this place.
 D = Time resting spent in this place.
 E = Time spent auto-exploring this place.
 F = Levels seen in this place.
 G = Mean time per level.
                   A        B        C        D        E       F      G
               +--------+--------+--------+--------+--------+-----+--------+
         Total |    110 |    110 |      0 |      0 |      0 |   4 |   27.5 |
       Dungeon |    110 |    110 |      0 |      0 |      0 |   4 |   27.5 |
               +--------+--------+--------+--------+--------+-----+--------+

Top non-repeatable levels by time:
     D:4: 40 daAuts
     D:3: 30 daAuts
     D:1: 30 daAuts
     D:2: 8 daAuts

Table legend:
 A = Non-vault XP
 B = Vault XP
 C = Vault XP percentage of total XP
 D = Non-vault monster count
 E = Vault monster count
 F = Vault count percentage of total count
                 A         B        C        D         E       F
            +---------+---------+-------+---------+---------+-------
      Total |       1 |       0 |   0.0 |       1 |       0 |   0.0
            +---------+---------+-------+---------+---------+-------
        D:3 |       1 |       0 |   0.0 |       1 |       0 |   0.0
            +---------+---------+-------+---------+---------+-------
